 Dungeon Crawl Stone Soup version 0.30.1-4-g462c640d31 (webtiles) character file.

Game seed: 3545388933139249042

111 Hydra2011 the Poker (level 4, -3/33 HPs)
             Began as a Demonspawn Gladiator on Aug 31, 2023.
             Killed by divine providence
             ... invoked by an orc priest
              (11 damage)
             ... on level 4 of the Dungeon.
             The game lasted 00:04:48 (2992 turns).

Hydra2011 the Poker (Demonspawn Gladiator)          Turns: 2992, Time: 00:04:48

Health: -3/33      AC:  6    Str: 16    XL:     4   Next: 62%
Magic:  4/4        EV: 12    Int:  9    God:
Gold:   50         SH:  0    Dex: 15    Spells: 3/3 levels left

rFire   . . .        a - +0 trident
rCold   . . .        (no shield)
rNeg    . . .        b - +0 leather armour
rPois   .            c - +0 helmet
rElec   .            (no cloak)
rCorr   .            v - +0 pair of gloves
SInv    .            (no boots)
Will    .....        (no amulet)
Stlth   +            (no ring)
HPRegen 0.25/turn    (no ring)
MPRegen 0.09/turn

%: no passive effects
@: no status effects
A: rugged brown scales 1, demonic magic 1, demonic touch 1
a: no special abilities


You were on level 4 of the Dungeon.
You visited 1 branch of the dungeon, and saw 4 of its levels.

You collected 193 gold pieces.
You spent 143 gold pieces at shops.

Inventory:

Hand Weapons
 a - a +0 trident (weapon)
Missiles
 d - 3 throwing nets (quivered)
 e - a javelin
Armour
 b - a +0 leather armour (worn)
 c - a +0 helmet (worn)
 v - a +0 pair of gloves (worn)
Scrolls
 f - 2 scrolls of magic mapping {unknown}
 g - a scroll of blinking {unknown}
 i - 7 scrolls of identify {unknown}
 j - a scroll of enchant weapon {unknown}
 m - a scroll of immolation {unknown}
 o - a scroll of amnesia {unknown}
 r - a scroll of teleportation {unknown}
 x - a scroll of enchant armour {unknown}
Potions
 k - a potion of magic {unknown}
 l - 2 potions of heal wounds {unknown}
 n - a potion of experience {unknown}
 p - a potion of degeneration {unknown}
 q - a potion of attraction {unknown}
 s - a potion of brilliance {unknown}
 t - a potion of invisibility {unknown}
 u - a potion of might {unknown}
 w - a potion of mutation


   Skills:
 - Level 2.0 Fighting
 + Level 4.3 Polearms
 - Level 1.7 Throwing
 + Level 1.7 Armour
 - Level 2.6 Dodging
 + Level 0.8 Stealth


You had 3 spell levels left.
You didn't know any spells.
Your spell library contained the following spells:

 Spells                   Type           Power      Damage    Failure   Level
 Necrotise                Necr           0%         1d4       45%         1
 Blink                    Tloc           0%         N/A       58%         2
 Lesser Beckoning         Tloc           0%         N/A       58%         2
 Momentum Strike          Conj/Tloc      0%         3d8       58%         2
 Static Discharge         Conj/Air       0%         2-2/arc   58%         2
 Volatile Blastmotes      Fire/Tloc      0%         2d10      83%         3
 Airstrike                Air            0%         2d(0-16)  99%         4
 Fulminant Prism          Conj/Hex       0%         3d5       99%         4
 Iskenderun's Mystic Bla  Conj/Tloc      0%         2d3       99%         4
 Summon Lightning Spire   Summ/Air       0%         N/A       99%         4
 Agony                    Necr           0%         N/A       100%        5
 Lee's Rapid Deconstruct  Erth           0%         3d4*      100%        5
 Statue Form              Tmut/Erth      0%         N/A       100%        6
 Infestation              Necr           0%         N/A       100%        8


Dungeon Overview and Level Annotations

Branches:
Dungeon (4/15)
 Temple: D:4-7

Altars:
Fedhas
Sif Muna

Shops:
D:2 (   D:4 !


Innate Abilities, Weirdness & Mutations

You are partially covered in rugged brown scales. (AC +1, +3% HP)
Spells you cast may paralyse adjacent enemies.
Your touch may inflict minor irresistible damage on your foes.


Message History

You kill the quokka!
The orc priest looks satisfied for a moment.
You completely miss the orc. Your touch misses the orc.
The orc hits you with a +0 hand axe.
* * * LOW HITPOINT WARNING * * *
Reach: a) +0 trident
Press: ? - help, Dir - move target, f - orc priest
Aim: an orc priest, wielding a +0 mace (about 40% to evade your +0 trident)
You reach to attack!
You puncture the orc priest!
The orc priest is heavily wounded.
The orc hits you with a +0 hand axe.
* * * LOW HITPOINT WARNING * * *
The orc misses you.
You feel better. The orc barely misses you.
Reach: a) +0 trident
Press: ? - help, Dir - move target, f/p - orc priest
Aim: an orc priest, wielding a +0 mace (heavily wounded, about 40% to evade your +0 trident)
The orc is in the way.
You hit the orc but do no damage. The orc misses you.
Reach: a) +0 trident
Press: ? - help, Dir - move target, f/p - orc priest
Aim: an orc priest, wielding a +0 mace (heavily wounded, about 40% to evade your +0 trident)
The orc is in the way.
You hit the orc.
The orc is heavily wounded.
The orc priest looks braver for a moment.
The orc closely misses you.
Reach: a) +0 trident
Press: ? - help, Dir - move target, f/p - orc priest
Aim: an orc priest, wielding a +0 mace (heavily wounded, about 40% to evade your +0 trident)
You reach to attack!
You hit the orc priest.
The orc priest is almost dead.
The orc priest calls upon Beogh to heal the orc.
The orc's wounds heal themselves!
The orc completely misses you.
Reach: a) +0 trident
Press: ? - help, Dir - move target, f/p - orc priest
Aim: an orc priest, wielding a +0 mace (almost dead, about 40% to evade your +0 trident)
You reach to attack!
You barely miss the orc priest.
The orc priest is almost dead.
The orc priest calls down the wrath of Beogh upon you.
Beogh smites you!
You die...

.#.###..#######.#
###..# #
#................#
#### #
##...............#
#
#.......#######.#
# #.......# #.#
....####.# ###.#
###. #.# #...# #
#.# #.### # #.#
#@# ### #o# #..
#.#####o# #.#
#.......# #
......).# #
..####.))#
######## #.#...
........ #. .#...
........ #. ##..##
#######.


You could see an orc priest and an orc.

Vanquished Creatures
  4 adders
  2 worms
  A dart slug (D:2)
  4 orcs
  4 endoplasms
  2 giant cockroaches
  5 goblins
  2 hobgoblins
  6 jackals (D:1)
  2 quokkas
  11 ball pythons
  2 bats (D:2)
  2 frilled lizards
  9 kobolds
  4 rats
60 creatures vanquished.

Notes
Turn   | Place    | Note
-------+----------+-------------------------------------------
     0 | D:1      | Hydra2011 the Demonspawn Gladiator began the quest for the
                  | Orb.
     0 | D:1      | Reached XP level 1. HP: 16/16 MP: 1/1
   273 | D:1      | Reached skill level 3 in Polearms
   399 | D:1      | Gained mutation: Spells you cast may paralyse adjacent
                  | enemies. [demonic ancestry]
   399 | D:1      | Reached XP level 2. HP: 13/22 MP: 2/2
  1301 | D:2      | Gained mutation: Your touch may inflict minor irresistible
                  | damage on your foes. [demonic ancestry]
  1301 | D:2      | Reached XP level 3. HP: 19/27 MP: 3/3
  1550 | D:2      | Reached skill level 1 in Armour
  1614 | D:2      | Found a blossoming altar of Fedhas.
  1659 | D:2      | Reached skill level 4 in Polearms
  1719 | D:2      | Found Xirph's Antique Weapon Shop.
  1902 | D:3      | Gained mutation: You are partially covered in rugged brown
                  | scales. (AC +1, +3% HP) [demonic ancestry]
  1902 | D:3      | Reached XP level 4. HP: 22/33 MP: 4/4
  2698 | D:4      | Got the Encyclopedia of Inconstant Unholy Secrets
  2708 | D:4      | Found Vimyar's Distillery.
  2722 | D:4      | Bought a potion of curing for 39 gold pieces
  2722 | D:4      | Bought a potion of mutation for 104 gold pieces
  2843 | D:4      | Found a shimmering blue altar of Sif Muna.
  2978 | D:4      | HP: 1/33 [quokka (3)]
  2992 | D:4      | Killed from afar by an orc priest

Illustrated notes

Levels and vault maps discovered:
D:1:      giann_forest_graveyard, layout_loops_corners, minivault_11,
          minivault_5, nicolae_concentric_dashed_squares_wild,
          lexackson_kobold_supper
D:2:      layout_rooms, serial_shops, nicolae_shop_tiny_glass, basic_altar,
          minivault_24, kennysheep_generic_room_10
D:3:      layout_basic, serial_bayou, serial_bayou_crossing,
          serial_bayou_shore_b, serial_bayou_pond_a, serial_bayou_shore_b,
          serial_bayou_pond_e, nicolae_titane
D:4:      layout_loops_ring, mainiacjoe_overflow_alcove_1,
          mainiacjoe_overflow_alcove_4, serial_shops, shop

Skill      XL: |  1  2  3 |
---------------+----------+-----
Polearms       | 3 4 |  4.3
Armour         | 1 |  1.7
Fighting       | |  2.0
Throwing       | |  1.7
Dodging        | |  2.6
Stealth        | |  0.8

Action                     |  1- 3 |  4- 6 || total
---------------------------+-------+-------++-------
  Melee: Trident           |   140 |    61 ||   201
         Touch             |     7 |     4 ||    11
         Punch             |       |     1 ||     1
    Use: Scroll            |     1 |       ||     1
         Potion            |       |     2 ||     2
   Stab: Sleeping          |     2 |     1 ||     3
 Armour: Leather armour    |    43 |    18 ||    61
  Dodge: Dodged            |    78 |    32 ||   110
